 Dungeon Crawl Stone Soup version 0.24-a0-203-gf0bc1e9 (webtiles) character file.

Game seed: 2319215152326105562

252 Borgoz the Cutter (level 6, -1/55 HPs)
             Began as a Kobold Gladiator on Mar 26, 2019.
             Slain by a gnoll (3 damage)
             ... on level 3 of the Dungeon.
             The game lasted 00:04:52 (2657 turns).

Borgoz the Cutter (Kobold Gladiator)                Turns: 2657, Time: 00:04:52

Health: -1/55      AC:  4    Str: 18    XL:     6   Next: 36%
Magic:  8/9        EV: 17    Int:  9    God:
Gold:   162        SH:  0    Dex: 17    Spells: 9/9 levels left

rFire    . . .     SeeInvis .   a - +0 rapier
rCold    . . .     Gourm    .   (shield restricted)
rNeg     . . .     Faith    .   b - +0 leather armour
rPois    .         Spirit   .   c - +0 helmet
rElec    .         Reflect  .   (no cloak)
rCorr    .         Harm     .   (no gloves)
MR       .....                  (no boots)
Stlth    ..........             (no amulet)
HPRegen  0.18/turn              (no ring)
MPRegen  0.11/turn              (no ring)

@: berserking, very quick
A: small, carnivore
a: no special abilities


You were on level 3 of the Dungeon.
You were completely stuffed.

You visited 1 branch of the dungeon, and saw 3 of its levels.

You collected 162 gold pieces.

Inventory:

Hand Weapons
 a - a +0 rapier (weapon)
Missiles
 d - 2 throwing nets (quivered)
 l - 5 tomahawks
Armour
 b - a +0 leather armour (worn)
 c - a +0 helmet (worn)
 k - a +2 scale mail of cold resistance
Scrolls
 e - a scroll of teleportation {unknown}
 h - 2 scrolls of fear {unknown}
 i - 2 scrolls of fog {unknown}
 m - 2 scrolls of identify {unknown}
 n - a scroll of amnesia {unknown}
Potions
 j - a potion of berserk rage
Comestibles
 f - 5 rations
 g - a chunk of flesh


   Skills:
 + Level 3.1 Fighting
 + Level 4.9 Short Blades
 + Level 3.2 Throwing
 + Level 1.7 Armour
 + Level 4.4 Dodging
 + Level 2.8 Stealth
 + Level 2.0 Spellcasting


You had 9 spell levels left.
You didn't know any spells.
Your spell library was empty.

Dungeon Overview and Level Annotations

Branches:
Dungeon (3/15)

Altars:
Kikubaaqudgha
Nemelex Xobeh


Innate Abilities, Weirdness & Mutations

You are small and have problems with some larger weapons.
You are carnivorous and can eat meat at any time.


Message History

You hit the gnoll.
The gnoll is severely wounded.
The gnoll hits you from afar with a +0 spear.
The gnoll hits you with a +0 whip.
You are too injured to fight recklessly!
You are too injured to fight recklessly!
You barely miss the gnoll.
The gnoll is severely wounded.
The gnoll hits you from afar with a +0 spear!
* * * LOW HITPOINT WARNING * * *
The gnoll hits you with a +0 whip.
* * * LOW HITPOINT WARNING * * *
It was a potion of berserk rage.
A red film seems to cover your vision as you go berserk!
You feel yourself moving faster!
You feel mighty! The gnoll misses you. The gnoll hits you with a +0 whip.
* * * LOW HITPOINT WARNING * * *
You feel a strong urge to attack something.
The gnoll hits you.
You die...

.. #. #. .... #.
......# ###.###
.......# .....#
.......# #g#.#
.......##
#.@g###.......#
##g...........#
.##.......#..#.# #
#.............#.##.##
####.#.....#...... #.
#.......##.#.# #.
######.....†.# #.
#####.### #. #...# #.


You could see 3 gnolls.

Vanquished Creatures
  An orc wizard (D:3)
  Natasha (thrice) (D:2)
  Terence (D:2)
  A gnoll (D:3)
  2 adders (D:2)
  An ooze (D:3)
  5 worms (D:2)
  3 leopard geckos
  5 orcs (D:3)
  2 ball pythons (D:2)
  12 bats
  2 giant cockroaches
  9 goblins
  9 hobgoblins
  3 jackals (D:1)
  8 kobolds
  A frilled lizard (D:2)
  6 rats
74 creatures vanquished.

Notes
Turn   | Place    | Note
-------+----------+-------------------------------------------
     0 | D:1      | Borgoz the Kobold Gladiator began the quest for the Orb.
     0 | D:1      | Reached XP level 1. HP: 12/12 MP: 1/1
   100 | D:1      | Reached XP level 2. HP: 18/18 MP: 2/2
   649 | D:1      | Reached XP level 3. HP: 22/22 MP: 3/3
   731 | D:2      | Noticed Terence
   743 | D:2      | Killed Terence
   743 | D:2      | Reached skill level 1 in Stealth
   931 | D:2      | Reached XP level 4. HP: 26/27 MP: 5/5
  1012 | D:2      | Reached skill level 1 in Armour
  1012 | D:2      | Reached skill level 1 in Spellcasting
  1204 | D:2      | Noticed Natasha
  1230 | D:2      | Killed Natasha
  1230 | D:2      | Reached XP level 5. HP: 21/31 MP: 6/6
  1245 | D:2      | Noticed Natasha
  1256 | D:2      | Killed Natasha
  1859 | D:2      | Noticed Natasha
  1871 | D:2      | Killed Natasha
  2199 | D:2      | Found an ancient bone altar of Kikubaaqudgha.
  2319 | D:3      | Reached XP level 6. HP: 35/37 MP: 8/8
  2480 | D:3      | Found a sparkling altar of Nemelex Xobeh.
  2656 | D:3      | HP: 2/55 [gnoll/+0 whip (5)]
  2657 | D:3      | Slain by a gnoll

Levels and vault maps discovered:
D:1:      eino_arrival_cavern_b, layout_basic
D:2:      layout_loops_ring, lemuel_doored_altar, uniq_terence, uniq_natasha
D:3:      layout_loops_cross, nemelex_dance_club_becter

Skill      XL: |  1  2  3  4  5  6 |
---------------+-------------------+-----
Stealth        | 1 2 |  2.8
Dodging        | 4 |  4.4
Armour         | 1 |  1.7
Spellcasting   | 1 2 |  2.0
Throwing       | 3 |  3.2
Fighting       | 3 |  3.1
Short Blades   | |  4.9

Action                   |  1- 3 |  4- 6 || total
-------------------------+-------+-------++-------
Melee: Rapier            |    80 |   173 ||   253
Throw: Throwing net      |     2 |     4 ||     6
  Use: Potion            |     1 |     3 ||     4
 Stab: Sleeping          |     1 |    10 ||    11
       Held in net/web   |     2 |     3 ||     5
  Eat: Chunk             |     6 |     8 ||    14
Armor: Leather armour    |    24 |    27 ||    51
Dodge: Dodged            |    96 |   122 ||   218

Table legend:
 A = Non-vault XP
 B = Vault XP
 C = Vault XP percentage of total XP
 D = Non-vault monster count
 E = Vault monster count
 F = Vault count percentage of total count
                 A         B        C        D         E       F
            +---------+---------+-------+---------+---------+-------
      Total |     284 |      77 |  21.3 |      70 |       4 |   5.4
            +---------+---------+-------+---------+---------+-------
        D:1 |      29 |       0 |   0.0 |      17 |       0 |   0.0
        D:2 |     162 |      67 |  29.3 |      33 |       2 |   5.7
        D:3 |      93 |      10 |   9.7 |      20 |       2 |   9.1
            +---------+---------+-------+---------+---------+-------
